 Dungeon Sprint DCSS version 0.21-a0-216-g6d3fd91 (webtiles) character file.

654 potatolord6000 the Skirmisher (level 7, -11/67 HPs)
             Began as a Demigod Fighter on Aug 23, 2017.
             Mangled by a tyrant leech (26 damage)
             ... in the Dungeon (Sprint II: "The Violet Keep of Menkaure").
             The game lasted 00:02:06 (303 turns).

potatolord6000 the Skirmisher (Demigod Fighter)      Turns: 303, Time: 00:02:06

Health: -11/67     AC:  8    Str: 28    XL:     7   Next: 7%
Magic:  9/9        EV:  8    Int: 12    God:
Gold:   486        SH: 12    Dex: 15    Spells: 6/6 levels left

rFire    . . .     SeeInvis .   a - +0 war axe
rCold    . . .     Gourm    .   c - +0 shield
rNeg     . . .     Faith    .   b - +0 scale mail
rPois    .         Spirit   .   (no helmet)
rElec    .         Reflect  .   (no cloak)
rCorr    .         Harm     .   (no gloves)
MR       .....     NoTele   +   (no boots)
Stlth    ..........             (no amulet)
HPRegen  0.21/turn              (no ring)
MPRegen  0.11/turn              (no ring)

@: mighty, berserk cooldown, slowed, very slow
A: high mp 1
a: no special abilities


You were in the Dungeon.
You were not hungry.

You visited 1 branch You collected 486 gold pieces.

Inventory:

Hand Weapons
 a - a +0 war axe (weapon)
Armour
 b - a +0 scale mail (worn)
 c - a +0 shield (worn)
Scrolls
 k - a scroll of blinking
Potions
 e - a potion of curing
 i - 2 potions of magic
Comestibles
 f - a bread ration


   Skills:
 + Level 7.8 Fighting
 + Level 7.6 Axes
 + Level 7.7 Armour
 + Level 7.8 Shields


You had 6 spell levels left.
You didn't know any spells.

Dungeon Overview and Level Annotations

Branches:
Dungeon (1/1)


Innate Abilities, Weirdness & Mutations

You have an increased reservoir of magic. (+10% MP)


Message History

The tyrant leech is almost dead.
You block the tyrant leech's attack.
You slash the tyrant leech!
You kill the tyrant leech!
Your Axes skill increases to level 7!
You have reached level 7!
You slash the tyrant leech!
The tyrant leech is moderately wounded.
The tyrant leech bites you!!
* * * LOW HITPOINT WARNING * * *
The tyrant leech draws strength from your injuries!
You slice the tyrant leech!!
The tyrant leech is heavily wounded.
You are no longer berserk.
You are exhausted.
You feel yourself slow down.
You slash the tyrant leech!
The tyrant leech is almost dead.
The tyrant leech bites you!!
You die...

## ## ##. .##
.. .. ## $#.
## #.# #w#
#.##
###.##@##...#
+.##+.<.+)#
#.††##.##...#
##.###+# #.##
#####†# ##
#.†#..#
##.#.## ##+##


You could see a tyrant leech.

Vanquished Creatures
  A merfolk siren (D)
  A tyrant leech (D)
  4 worker ants (D)
  3 worms (D)
9 creatures vanquished.

Vanquished Creatures (others)
  Menkaure (D)
  A crocodile (D)
2 creatures vanquished.

Grand Total: 11 creatures vanquished

Notes
Turn   | Place    | Note
-------+----------+-------------------------------------------
     0 | D        | potatolord6000 the Demigod Fighter began the quest for the Orb.
     0 | D        | Reached XP level 1. HP: 18/18 MP: 3/3
     1 | D        | Noticed a tyrant leech
     1 | D        | Noticed a tyrant leech
     5 | D        | Noticed a merfolk siren
    12 | D        | Killed Menkaure
    36 | D        | Killed a merfolk siren
    36 | D        | Reached XP level 2. HP: 20/31 MP: 4/4
    36 | D        | Reached XP level 3. HP: 25/38 MP: 5/5
    36 | D        | Reached XP level 4. HP: 30/45 MP: 6/6
    36 | D        | Reached XP level 5. HP: 34/51 MP: 7/7
    36 | D        | Reached XP level 6. HP: 38/58 MP: 8/8
   300 | D        | Killed a tyrant leech
   300 | D        | Reached XP level 7. HP: 38/67 MP: 9/9
   303 | D        | Mangled by a tyrant leech

Vault maps used:
D:        the_violet_keep_of_menkaure

Skill      XL: |  1  2  3  4  5  6 |
---------------+-------------------+-----
Fighting       | 6 7 |  7.8
Axes           | 6 7 |  7.6
Armour         | 6 7 |  7.7
Shields        | 6 7 |  7.8

Action                   |  1- 3 |  4- 6 |  7- 9 || total
-------------------------+-------+-------+-------++-------
Melee: War axe           |    29 |    46 |     3 ||    78
  Use: Potion            |     1 |     3 |       ||     4
Armor: Scale mail        |       |     7 |       ||     7
Dodge: Dodged            |     1 |     7 |       ||     8
Block: Shield            |       |    22 |       ||    22

Table legend:
 A = Spawn XP
 B = Non-spawn XP
 C = Spawn XP percentage of total XP
 D = Spawn monster count
 E = Non-spawn monster count
 F = Spawn count percentage of total count
 G = Total turns spent on level
                    A         B        C        D         E        F      G
               +---------+---------+-------+---------+---------+-------+---------
         Total |       0 |     935 |   0.0 |       0 |       9 |   0.0 |   303
               +---------+---------+-------+---------+---------+-------+---------
             D |       0 |     935 |   0.0 |       0 |       9 |   0.0 |   303
               +---------+---------+-------+---------+---------+-------+---------
